[Event "Festiv.  Int. de Sah Eforie 2010"]
[Site "Eforie Nord 2010"]
[Date "2010.06.23"]
[Round "7.29"]
[White "Ogleznev, Alexandr"]
[Black "Florescu, Codrut-Constantin"]
[Result "1-0"]
[ECO "B85"]
[WhiteElo "2320"]
[BlackElo "2132"]
[Annotator ",alex"]
[PlyCount "41"]
[EventDate "2010.??.??"]
[TimeControl "5400"]

1. e4 c5 2. Nf3 e6 3. d4 cxd4 4. Nxd4 Nf6 5. Nc3 d6 6. Be2 Be7 7. O-O O-O 8. f4
a6 9. a4 Nc6 10. Be3 Qc7 11. Kh1 Re8 12. Bf3 Bd7 13. Nb3 b6 14. Qe2 Bc8 15. a5
bxa5 16. e5 Nd7 17. Nxa5 d5 18. Nxc6 Qxc6 19. Na4 Nc5 20. Bxc5 Bxc5 21. Qc4 1-0